 Dungeon Crawl Stone Soup version 0.28-a0-706-gf6f64a616a (webtiles) character file.

Game seed: 2545351282120758796

581 frimble the Firebug (level 7, -2/73 HPs)
             Began as a Demonspawn Fire Elementalist on Oct 24, 2021.
             Killed from afar by a white imp (11 damage)
             ... with a puff of frost
             ... on level 4 of the Dungeon.
             The game lasted 00:05:29 (4449 turns).

frimble the Firebug (Demonspawn Fire Elementalist)  Turns: 4449, Time: 00:05:30

Health: -2/73      AC:  3    Str:  9    XL:     7   Next: 13%
Magic:  10/11      EV: 12    Int: 20    God:
Gold:   115        SH:  0    Dex: 13    Spells: 11/12 levels left

rFire   . . .      SeeInvis .   f - +1 dagger (venom)
rCold   . . .      Faith    .   (no shield)
rNeg    . . .      Spirit   .   a - +1 robe
rPois   .          Reflect  .   (no helmet)
rElec   .          Harm     .   (no cloak)
rCorr   .          Rampage  .   (gloves unavailable)
Will    .....                   (no boots)
Stlth   ..........              (no amulet)
HPRegen 0.22/turn               (no ring)
MPRegen 0.12/turn               (no ring)

@: berserking, lethally poisoned (-2 -> -11), flying, very quick
A: claws 3, big brain 1
a: no special abilities


You were on level 4 of the Dungeon.
You visited 1 branch of the dungeon, and saw 4 of its levels.

You collected 115 gold pieces.

Inventory:

Hand Weapons
 f - a +1 dagger of venom (weapon)
Armour
 a - a +1 robe (worn)
Jewellery
 n - a ring of magical power
 o - a +6 ring of dexterity
Scrolls
 b - a scroll of holy word
 h - a scroll of noise
 l - a scroll of enchant armour
Potions
 c - a potion of flight
 d - a potion of mutation {unknown}
 e - a potion of berserk rage
 g - a potion of haste {unknown}
 i - 3 potions of degeneration {unknown}
 j - a potion of magic {unknown}
 k - a potion of resistance {unknown}
 m - a potion of might {unknown}


   Skills:
 + Level 1.8 Fighting
 - Level 1.7 Dodging
 - Level 1.7 Stealth
 - Level 3.0 Spellcasting
 - Level 5.0 Conjurations
 - Level 5.1 Fire Magic


You had 11 spell levels left.
You knew the following spells:

 Your Spells              Type           Power      Damage    Failure   Level
a - Foxfire               Conj/Fire      92%        2x1d8     1%          1

Your spell library contained the following spells:

 Spells                   Type           Power      Damage    Failure   Level
 Scorch                   Fire           46%        2d7       2%          2
 Conjure Flame            Conj/Fire      23%        6-21      5%          3
 Inner Flame              Hex/Fire       13%        N/A       16%         3
 Flame Wave               Conj/Fire      23%        3d6       19%         4
 Sublimation of Blood     Necr           1%         N/A       22%         2
 Petrify                  Tmut/Erth      3%         N/A       80%         4
 Irradiate                Conj/Tmut      6%         3d16      80%         5


Dungeon Overview and Level Annotations

Branches:
Dungeon (4/15)
 Temple: D:4-7

Altars:

Annotations:
D:3 Grinder


Innate Abilities, Weirdness & Mutations

You have claws for hands.
You have an unusually large brain. (Int +2)


Message History

Natasha is almost dead.
You kill Natasha!
Suddenly Natasha's spirit rises from her lifeless body.
You miss the kobold.
The kobold hits you with a +2 short sword of venom.
You are poisoned.
You closely miss the kobold.
You feel sick.
The kobold hits you with a +2 short sword of venom.
You are more poisoned.
Casting: Foxfire (safe; 1% risk of failure)
Confirm with . or Enter, or press ? or * to list all spells.
You conjure some foxfire!
You feel very sick.
The kobold hits you with a +2 short sword of venom.
You are lethally poisoned!
You hit the kobold.
The kobold is poisoned.
The kobold is moderately wounded.
You feel very sick.
You kill the kobold!
* * * LOW HITPOINT WARNING * * *
You feel very sick.
A white imp comes into view.
Your magical contamination has completely faded away.
There is an open door here.
Things that are here:
a +2 short sword of venom; 10 gold pieces It was a potion of flight.
You feel very buoyant.
You fly up into the air.
* * * LOW HITPOINT WARNING * * *
You feel very sick.
Your foxfire dissipates!
It was a potion of berserk rage.
A red film seems to cover your vision as you go berserk!
You feel yourself moving faster!
You feel mighty!
* * * LOW HITPOINT WARNING * * *
You feel very sick. The white imp gestures at you. The puff of frost hits you!
You die...

#.##
##..#####......
#..#
♣..#.......).[...†
####
♣5!###..########.#
♣..# ##.# #.# ♣
♣..# #.## #.#
♣♣♣♣♣.♣..# #>.#
#.# ......♣..#
##.# #.#
...§.....#####.#
#.# #@##....)##
#.# #....###..#
#.# ###### ##.#
#.# #.## #.# #(.#
#.# ##.# #.# #.##
#.# #..# #.# ##.#
#.#


You could see a white imp.

Vanquished Creatures
  A necrophage (D:3)
  An ogre (D:3)
  Blork the orc (D:4)
  A scorpion (D:4)
  2 hounds (D:4)
  A jelly (D:4)
  A bullfrog skeleton (D:4)
  Jessica (D:3)
  Natasha (twice) (D:4)
  An orc wizard (D:2)
  2 adders
  2 worms (D:3)
  3 orcs
  2 endoplasms
  2 giant cockroaches
  7 goblins
  2 hobgoblins
  6 kobolds
  2 quokkas
  2 ball pythons
  5 bats
  2 frilled lizards (D:2)
  2 rats (D:1)
51 creatures vanquished.

Vanquished Creatures (others)
  161 foxfires
161 creatures vanquished.

Grand Total: 212 creatures vanquished

Notes
Turn   | Place    | Note
-------+----------+-------------------------------------------
     0 | D:1      | frimble the Demonspawn Fire Elementalist began the quest
                  | for the Orb.
     0 | D:1      | Reached XP level 1. HP: 13/13 MP: 3/3
     1 | D:1      | Noticed an electric eel
   662 | D:1      | Gained mutation: You have sharp fingernails. [demonic
                  | ancestry]
   662 | D:1      | Reached XP level 2. HP: 19/19 MP: 1/5
  1916 | D:2      | Found a faded altar of an unknown god.
  2012 | D:2      | Reached XP level 3. HP: 19/24 MP: 6/6
  2689 | D:3      | Noticed a necrophage
  2766 | D:3      | Killed a necrophage
  2767 | D:3      | Gained mutation: You have very sharp fingernails. [demonic
                  | ancestry]
  2767 | D:3      | Reached XP level 4. HP: 22/30 MP: 1/7
  3201 | D:2      | Gained mutation: You have an unusually large brain. (Int
                  | +2) [demonic ancestry]
  3201 | D:2      | Reached XP level 5. HP: 28/35 MP: 1/8
  3273 | D:3      | Noticed Jessica
  3293 | D:3      | Killed Jessica
  3478 | D:3      | Noticed Grinder
  3487 | D:3      | Noticed an ogre
  3493 | D:3      | Killed an ogre
  3494 | D:3      | Gained mutation: You have claws for hands. [demonic
                  | ancestry]
  3494 | D:3      | Reached XP level 6. HP: 41/41 MP: 3/9
  3498 | D:3      | Paralysed by Grinder for 5 turns
  3567 | D:4      | Noticed Natasha
  3584 | D:4      | Killed Natasha
  3585 | D:4      | Reached skill level 5 in Conjurations
  3919 | D:4      | Reached skill level 5 in Fire Magic
  3929 | D:4      | Identified the +1 ring mail of Giloemicot {Rampage rN++
                  | Slay-2}
  4330 | D:4      | Noticed Blork the orc
  4338 | D:4      | Killed Blork the orc
  4339 | D:4      | Reached skill level 1 in Fighting
  4339 | D:4      | Reached XP level 7. HP: 48/48 MP: 4/11
  4437 | D:4      | Noticed Natasha
  4442 | D:4      | Killed Natasha
  4449 | D:4      | Killed from afar by a white imp

Illustrated notes

Levels and vault maps discovered:
D:1:      arrival_aquarium_a, layout_basic, st_stairs_13
D:2:      layout_basic, basic_ecumenical_altar
D:3:      layout_loops_cross, grunt_temple_overflow_holy_war, marbit_many_paths,
          minitemple, uniq_sigmund, uniq_grinder, uniq_jessica
D:4:      layout_basic, kennysheep_small_spiral, uniq_blork_the_orc,
          uniq_natasha, uniq_eustachio

Skill      XL: |  1  2  3  4  5  6 |
---------------+-------------------+-----
Fire Magic     | 3 4 5 |  5.1
Conjurations   | 3 4 5 |  5.0
Fighting       | 1 |  1.8
Spellcasting   | 3 |  3.0
Dodging        | |  1.7
Stealth        | |  1.7

Action                   |  1- 3 |  4- 6 |  7- 9 || total
-------------------------+-------+-------+-------++-------
Melee: Unarmed           |    23 |       |       ||    23
       Dagger            |    25 |    38 |     7 ||    70
 Cast: Foxfire           |    41 |    58 |     1 ||   100
  Use: Scroll            |     4 |       |     1 ||     5
       Potion            |       |     1 |     2 ||     3
 Stab: Sleeping          |     4 |       |       ||     4
Armor: Robe              |    19 |    11 |     1 ||    31
Dodge: Dodged            |    45 |    22 |     2 ||    69

Table legend: (Time is in decaauts)
 A = Elapsed time spent in this place.
 B = Non-inter-level travel time spent in this place.
 C = Inter-level travel time spent in this place.
 D = Time resting spent in this place.
 E = Time spent auto-exploring this place.
 F = Levels seen in this place.
 G = Mean time per level.
                   A        B        C        D        E       F      G
               +--------+--------+--------+--------+--------+-----+--------+
         Total |   4463 |   4357 |    106 |     56 |   3691 |   4 | 1115.8 |
       Dungeon |   4463 |   4357 |    106 |     56 |   3691 |   4 | 1115.8 |
               +--------+--------+--------+--------+--------+-----+--------+

Top non-repeatable levels by time:
     D:2: 1785 daAuts
     D:1: 1027 daAuts
     D:4: 913 daAuts
     D:3: 736 daAuts
